 Dungeon Sprint DCSS version 0.19.0-11-g3fc08b3 (webtiles) character file.

935 equalderp2856 the Gouger (level 7, 0/36 HPs)
             Began as a Felid Fighter on Nov 9, 2016.
             Slain by a spiny frog (17 damage)
             ... in the Dungeon (Sprint VII: "The Pits").
             The game lasted 00:03:49 (850 turns).

equalderp2856 the Gouger (Felid Fighter)             Turns: 850, Time: 00:03:50

Health: 0/36       AC:  2    Str: 17    XL:     7   Next: 87%
Magic:  8/8        EV: 30    Int:  9    God:
Gold:   0          SH:  0    Dex: 16    Spells: 0 memorised, 6 levels left
                                        Lives:  0   Deaths: 2

rFire  . . .     SeeInvis +       - Unarmed
rCold  . . .     Gourm    .     (armour unavailable)
rNeg   . . .     Faith    .     (shield unavailable)
rPois  .         Spirit   .     (helmet unavailable)
rElec  .         Reflect  .     (cloak unavailable)
rCorr  .         Harm     .     (gloves unavailable)
MR     +....     NoTele   +     (boots unavailable)
Stlth  ++++......               (no amulet)
                                n - +3 ring of strength
                                m - +3 ring of evasion

@: quick
A: no armour, no weapons or thrown items, stealth, claws 1, fangs 3, see
invisible, carnivore 3, speed 1, shaggy fur 2, slow metabolism 1, sharp paws
a: no special abilities


You were in the Dungeon.
You were not hungry.

You visited 1 branch

Inventory:

Jewellery
 m - a +3 ring of evasion (left paw)
 n - a +3 ring of strength (right paw)
Scrolls
 h - a scroll of blinking
 j - 3 scrolls of remove curse
 k - 5 scrolls of amnesia
 l - a scroll of summoning
Potions
 a - a potion of might
 c - 10 potions of curing
 d - 10 potions of heal wounds
 e - a potion of haste
 f - 4 potions of magic
 g - 3 potions of berserk rage
 i - 2 potions of invisibility
 o - a potion of cure mutation
 p - a potion of resistance
Comestibles
 b - 8 meat rations


   Skills:
 + Level 7.7 Fighting
 + Level 10.9 Dodging
 + Level 8.4 Stealth
 + Level 14.2 Unarmed Combat


You had 6 spell levels left.
You didn't know any spells.

Dungeon Overview and Level Annotations

Branches:
Dungeon (1/1)

Altars:
Cheibriados
Dithmenos
Elyvilon
Fedhas
Gozag
Hepliaklqana
Kikubaaqudgha
Nemelex Xobeh
Okawaru
Qazlal
Ru
Sif Muna
Trog
Uskayaw
Vehumet
Zin
The Shining One
Jiyva


Innate Abilities, Weirdness & Mutations

You cannot wear armour.
You are incapable of wielding weapons or throwing items.
Your paws allow you to move quietly. (Stealth)
You have sharp claws.
You have razor-sharp teeth.
You have supernaturally acute eyesight. (SInv)
You are carnivorous and can eat meat at any time.
You cover ground quickly.
You are covered in thick fur. (AC +2)
You have a slow metabolism.
Your sharp claws are effective at attacking unaware monsters.


Message History

You close the door.
Items here: ( )) [[ ÷÷
Things that are here:
a hand axe; a ring mail; a water moccasin skeleton
Items here: ( ) [ ÷ a hand axe; a leather armour; a tomahawk; an orc skeleton
There is an open door here.
You see here a tomahawk.
You see here the felid corpse of equalderp2856.
There is an open door here.
You see here the felid corpse of equalderp2856.
The spiny frog barely misses you.
There is an open door here.
There is an open door here.
Items here: )) [[ a great sword; a robe; a dagger; a robe
Things that are here:
a scimitar; a robe You closely miss the spiny frog.
The spiny frog stings you!
You die...

#.#))#....)##.......##''#
#F#))#..)).##.......##..#
#)#..###)####.......##F.#
#)##'#....÷##...<...##..#
#.#.......÷##.......##..#
#)#........##.......##..#
#(###########.......##...
#..#.#)##..###########...
#.......#@############...
##.#.#.##F#....#..[[##..##
#.......#'#....#..[[#
##.#.#†##.'.†..'..))#
#.......#'#....#..))#
##.#.#..'†#..[.#..))#
####################


You could see a spiny frog.

Vanquished Creatures
  A freezing wraith (D)
  A shadow (D)
  A fire bat (D)
  A mottled dragon (D)
  A water moccasin (D)
  3 floating eyes (D)
  A phantom (D)
  3 wights (D)
  An iron imp (D)
  A worker ant (D)
  An orc wizard (D)
  A leopard gecko (D)
  9 orcs (D)
  A giant cockroach (D)
  A quokka (D)
  A ball python (D)
  2 frilled lizards (D)
  A rat (D)
31 creatures vanquished.

Notes
Turn   | Place    | Note
-------+----------+-------------------------------------------
     0 | D        | equalderp2856 the Felid Fighter began the quest for the Orb.
     0 | D        | Reached XP level 1. HP: 10/10 MP: 2/2
   211 | D        | Noticed a floating eye
   212 | D        | Noticed a floating eye
   213 | D        | Killed a floating eye
   213 | D        | Reached skill level 5 in Fighting
   213 | D        | Reached skill level 8 in Unarmed Combat
   213 | D        | Reached XP level 2. HP: 16/16 MP: 3/3
   213 | D        | Reached XP level 3. HP: 19/19 MP: 4/4
   213 | D        | Reached XP level 4. HP: 23/23 MP: 5/5
   216 | D        | Killed a floating eye
   216 | D        | Reached skill level 9 in Unarmed Combat
   216 | D        | Reached XP level 5. HP: 27/27 MP: 6/6
   228 | D        | Reached skill level 10 in Unarmed Combat
   307 | D        | Found a radiant altar of Vehumet.
   307 | D        | Found a hide-covered altar of Uskayaw.
   307 | D        | Found an ancient bone altar of Kikubaaqudgha.
   307 | D        | Found a viscous altar of Jiyva.
   307 | D        | Found a hazy altar of Hepliaklqana.
   308 | D        | Found a bloodstained altar of Trog.
   308 | D        | Found a deep blue altar of Sif Muna.
   308 | D        | Found a sacrificial altar of Ru.
   308 | D        | Found a stormy altar of Qazlal.
   308 | D        | Found an iron altar of Okawaru.
   308 | D        | Found a sparkling altar of Nemelex Xobeh.
   308 | D        | Found an opulent altar of Gozag.
   308 | D        | Found a blossoming altar of Fedhas.
   308 | D        | Found a white marble altar of Elyvilon.
   308 | D        | Found a shadowy altar of Dithmenos.
   308 | D        | Found a snail-covered altar of Cheibriados.
   309 | D        | Found a glowing golden altar of the Shining One.
   309 | D        | Found a glowing silver altar of Zin.
   360 | D        | Noticed a floating eye
   363 | D        | Noticed a water moccasin
   383 | D        | Gained mutation: You are covered in thick fur. (AC +2) [Felid growth]
   383 | D        | Reached XP level 6. HP: 31/31 MP: 7/7
   397 | D        | Killed a water moccasin
   397 | D        | Reached skill level 11 in Unarmed Combat
   424 | D        | Paralysed by a floating eye for 3 turns
   432 | D        | Killed a floating eye
   432 | D        | Reached skill level 5 in Stealth
   615 | D        | Reached skill level 12 in Unarmed Combat
   615 | D        | Reached XP level 7. HP: 35/36 MP: 8/8
   622 | D        | Noticed a freezing wraith
   628 | D        | Slain by a freezing wraith
   629 | D        | Reached XP level 6. HP: -1/33 MP: 7/7
   632 | D        | Mangled by a freezing wraith
   633 | D        | Reached XP level 5. HP: -6/28 MP: 6/6
   638 | D        | Killed a freezing wraith
   638 | D        | Reached skill level 13 in Unarmed Combat
   638 | D        | Reached XP level 6. HP: 33/33 MP: 7/7
   649 | D        | Noticed a shadow
   649 | D        | Noticed a mottled dragon
   655 | D        | Killed a mottled dragon
   655 | D        | Reached skill level 10 in Dodging
   655 | D        | Reached XP level 7. HP: 36/36 MP: 8/8
   664 | D        | Killed a shadow
   707 | D        | Noticed a fire bat
   709 | D        | Killed a fire bat
   709 | D        | Reached skill level 14 in Unarmed Combat
   786 | D        | Noticed a spiny frog
   786 | D        | Noticed a smoke demon
   850 | D        | Slain by a spiny frog

Skill      XL: |  1  2  3  4  5  6  7 |
---------------+----------------------+-----
Fighting       | 5 6 7 |  7.7
Dodging        | 6 7 10 | 10.9
Stealth        | 2 3 6 7 8 |  8.4
Unarmed Combat | 8 9 13 12 14 | 14.2

Action                   |  1- 3 |  4- 6 |  7- 9 || total
-------------------------+-------+-------+-------++-------
Melee: Unarmed           |     6 |    60 |    37 ||   103
       Bite              |       |     5 |     5 ||    10
       Punch             |       |     2 |     2 ||     4
 Stab: Sleeping          |     1 |     2 |     1 ||     4
  Eat: Chunk             |     1 |     2 |       ||     3
Armor: Skin              |       |     2 |       ||     2
Dodge: Dodged            |     3 |    37 |    34 ||    74
